 Seeded DCSS version 0.29.1-15-g9cfb28693d (webtiles) character file.

Game seed: 16245865983455551772 (custom seed)

128 Darius099 the Sneak (level 5, 0/34 HPs)
             Began as an Octopode Brigand on Mar 8, 2023.
             Slain by an orc
             ... wielding a +0 trident
              (2 damage)
             ... on level 3 of the Dungeon.
             The game lasted 00:04:46 (2744 turns).

Darius099 the Sneak (Octopode Brigand)              Turns: 2744, Time: 00:04:46

Health: 0/34       AC:  1    Str:  7    XL:     5   Next: 11%
Magic:  14/14      EV: 14    Int: 25    God:
Gold:   2032       SH:  0    Dex: 16    Spells: 4/4 levels left

rFire   + + .      SeeInvis .   a - +2 dagger
rCold   . . .      Faith    .   (no shield)
rNeg    . . .      Spirit   .   (helmet restricted)
rPois   .          Reflect  .   (no amulet)
rElec   .          Harm     .   g - +6 ring of intelligence
rCorr   +          Rampage  .   h - +6 ring of intelligence
Will    .....                   d - ring "Hethramp" {rF++ rCorr MP+9 Str-3 Stlth+}
Stlth   +++++.....              (no ring)
HPRegen 0.11/turn               (no ring)
MPRegen 0.14/turn               (no ring)
                                (no ring)
                                (no ring)

@: no status effects
A: almost no armour, amphibious, 8 rings, camouflage 1, gelatinous body 1,
(nimble swimmer 1), tentacles
a: no special abilities


You were on level 3 of the Dungeon.
You visited 1 branch of the dungeon, and saw 3 of its levels.

You collected 2032 gold pieces.

Inventory:

Hand Weapons
 a - a +2 dagger (weapon)
Missiles
 b - 11 poisoned darts (quivered)
 c - 3 curare-tipped darts
Jewellery
 d - the ring "Hethramp" (on tentacle) {rF++ rCorr MP+9 Str-3 Stlth+}
   (You acquired it on level 1 of the Dungeon)

   [ring of magical power]

   Str:       It affects your strength (-3).
   rF:        It greatly protects you from fire.
   MP:        It affects your magic capacity (+9).
   rCorr:     It protects you from acid and corrosion.
   Stlth:     It makes you more stealthy.
 g - a +6 ring of intelligence (left tentacle)
 h - a +6 ring of intelligence (right tentacle)
Wands
 n - a wand of roots (4)
Scrolls
 f - 2 scrolls of teleportation {unknown}
 k - 2 scrolls of identify {unknown}
 l - a scroll of enchant weapon {unknown}
 m - a scroll of summoning {unknown}
 o - a scroll of noise {unknown}
Potions
 e - 2 potions of flight {unknown}
 i - a potion of might {unknown}
 j - a potion of lignification {unknown}


   Skills:
 - Level 2.0 Fighting
 + Level 3.3 Short Blades
 - Level 2.0 Throwing
 + Level 2.8 Dodging
 + Level 6.6 Stealth


You had 4 spell levels left.
You didn't know any spells.
Your spell library contained the following spells:

 Spells                   Type           Power      Damage    Failure   Level
 Sting                    Tmut/Pois      0%         1d3       14%         1
 Poisonous Vapours        Pois/Air       0%         N/A       21%         2
 Olgreb's Toxic Radiance  Pois           0%         N/A       80%         4
 Chain Lightning          Conj/Air       0%         N/A       100%        9
 Fire Storm               Conj/Fire      0%         5d1       100%        9
 Shatter                  Erth           0%         3d5*      100%        9


Dungeon Overview and Level Annotations

Branches:
Dungeon (3/15)

Altars:

Shops:
D:3 [


Innate Abilities, Weirdness & Mutations

You cannot wear most types of armour.
You are amphibious.
You can wear up to eight rings at the same time.
Your skin changes colour to match your surroundings (Stealth+).
Your rubbery body absorbs attacks. (AC +1, EV +1)
((You are camouflaged when in or above water. (Stealth+)))
You have tentacles for arms and can constrict up to eight enemies at once.


Message History

The orc hits you with a +0 dagger.
* * * LOW HITPOINT WARNING * * *
You hit the orc. Your grab misses the orc. You squeeze the orc.
You kill the orc!
Things that are here:
a +0 dagger; an orc corpse You start resting.
A hobgoblin comes into view.
Items here: ))) [[[ †.
An orc and an orc priest come into view.
The hobgoblin barely misses you.
The orc moves out of view.
The orc priest moves out of view.
There is an escape hatch in the floor here.
You hit the hobgoblin. You grab the hobgoblin. You squeeze the hobgoblin.
You kill the hobgoblin!
You hear a shout!
The orc priest shouts!
You hear a shout!
You hear an angry hiss.
The orc barely misses you.
A ball python comes into view.
Things that are here:
16 gold pieces; a hobgoblin corpse The orc priest hits you with a +0 dagger.
The orc misses you.
You hit the orc priest but do no damage.
You grab the orc priest. You constrict the orc priest.
The orc closely misses you.
The orc priest looks braver for a moment.
The ball python hisses angrily.
You hit the orc priest.
The orc priest is moderately wounded.
You constrict the orc priest. You hit the orc priest.
You squeeze the orc priest.
The orc priest is severely wounded.
You constrict the orc priest.
The orc priest invokes the aid of Beogh against you.
Beogh smites you!
* * * LOW HITPOINT WARNING * * *
An orc comes into view.
It is wielding a +0 club and quivering poisoned darts.
The orc hits you from afar with a +0 trident.
You die...

#.#.######## #.#.#....
.... ........# ..#
#.###)#####.#####
#....)).........#
##########.###.#...#.##
........>..# #..#.#...#
#####.$#### #...∩....#
#...@...# #..#.#...#
#.#.o.o.# #.#...#..##
S..S..................
...#.#o#######.#.#######
## #.#. ...#. ... # ##
### ## ###


You could see an orc priest, 2 orcs and a ball python.

Vanquished Creatures
  Jessica (D:2)
  2 orc wizards (D:3)
  An adder (D:2)
  3 orcs (D:3)
  2 ball pythons (D:1)
  3 bats
  4 endoplasms (D:1)
  2 goblins (D:1)
  6 hobgoblins
  4 kobolds
  3 quokkas (D:1)
  3 frilled lizards
  5 rats
39 creatures vanquished.

Notes
Turn   | Place    | Note
-------+----------+-------------------------------------------
     0 | D:1      | Darius099 the Octopode Brigand began the quest for the Orb.
     0 | D:1      | Reached XP level 1. HP: 14/14 MP: 1/1
   291 | D:1      | Found a faded altar of an unknown god.
   369 | D:1      | Reached XP level 2. HP: 19/19 MP: 2/2
  1200 | D:1      | Reached XP level 3. HP: 19/24 MP: 3/3
  1373 | D:1      | Identified 3 scrolls of acquirement
  1373 | D:1      | Acquired 1214 gold pieces
  1382 | D:1      | Acquired 696 gold pieces
  1386 | D:1      | Acquired the ring "Hethramp" {rF++ rCorr MP+9 Str-3 Stlth+}
  1728 | D:2      | Noticed Jessica
  1732 | D:2      | Killed Jessica
  1733 | D:2      | Reached skill level 6 in Stealth
  1733 | D:2      | Reached XP level 4. HP: 29/29 MP: 4/4
  2578 | D:3      | Found Ymmy Ciutu's Antique Armour Shoppe.
  2606 | D:3      | Reached XP level 5. HP: 13/34 MP: 5/5
  2744 | D:3      | Slain by an orc

Illustrated notes

Levels and vault maps discovered:
D:1:      minmay_arrival_hallway, layout_loops_corners, basic_ecumenical_altar,
          minmay_unequal
D:2:      layout_loops_ring, uniq_jessica
D:3:      layout_basic, serial_shops, nicolae_shop_advertising_works
          [nicolae_subvault_shop_adworks], minmay_shallow_snake_nest,
          uniq_natasha

Skill      XL: |  1  2  3  4 |
---------------+-------------+-----
Dodging        | 2 |  2.8
Stealth        | 6 |  6.6
Short Blades   | 3 |  3.3
Fighting       | |  2.0
Throwing       | |  2.0

Action                   |  1- 3 |  4- 6 || total
-------------------------+-------+-------++-------
Melee: Dagger            |    38 |    36 ||    74
       Tentacles         |     5 |     9 ||    14
       Constrict         |     7 |     6 ||    13
  Use: Scroll            |     3 |       ||     3
 Stab: Sleeping          |     9 |     9 ||    18
Armor: Skin              |     4 |       ||     4
Dodge: Dodged            |    13 |    15 ||    28
